 Dungeon Crawl Stone Soup version 0.22-a0-86-g94e0ad4 (webtiles) character file.

3219 KristoblXynda the Grappler (level 9, -11/77 HPs)
             Began as a Yellow Draconian Monk on Jan 20, 2018.
             Was a Priest of Qazlal.
             Mangled by Gastronok (28 damage)
             ... on level 8 of the Dungeon.
             The game lasted 00:13:46 (7614 turns).

KristoblXynda the Grappler (Yellow Draconian Monk)  Turns: 7614, Time: 00:13:47

Health: -11/77     AC: 11    Str: 19    XL:     9   Next: 65%
Magic:  14/14      EV: 16    Int: 14    God:    Qazlal [***...]
Gold:   323        SH:  4    Dex: 13    Spells: 8/8 levels left

rFire    . . .     SeeInvis .     - Unarmed
rCold    . . .     Gourm    .   (no shield)
rNeg     . . .     Faith    .   (armour unavailable)
rPois    +         Spirit   .   (helmet restricted)
rElec    .         Reflect  .   (no cloak)
rCorr    +         Harm     .   e - +2 pair of gloves
MR       .....                  w - +0 pair of boots
Stlth    ++........             x - amulet of rage
HPRegen  0.22/turn              b - ring of poison resistance
MPRegen  0.14/turn              (no ring)

@: mighty, short of breath
A: spit acid, acid resistance, unfitting armour, talons 1, robust 1, wild magic
1, cold-blooded, AC +7
a: Breathe Acid, Upheaval, Elemental Force, Renounce Religion, Evoke Berserk
Rage


You were on level 8 of the Dungeon.
You worshipped Qazlal.
Qazlal was most pleased with you.
You were not hungry.

You visited 2 branches of the dungeon, and saw 9 of its levels.

You collected 323 gold pieces.

Inventory:

Armour
 e - a +2 pair of gloves (worn)
 w - a +0 pair of boots (worn)
Jewellery
 b - a ring of poison resistance (left hand)
 f - an uncursed ring of wizardry {unknown}
 x - an amulet of rage (around neck)
Wands
 t - a wand of flame (17)
Scrolls
 c - 2 scrolls of teleportation {unknown}
 d - a scroll of enchant weapon {unknown}
 g - a scroll of fear
 i - a scroll of immolation {unknown}
 j - a scroll of fog {unknown}
 k - 3 scrolls of amnesia
 l - a scroll of enchant armour
 n - a scroll of magic mapping
 p - 5 scrolls of remove curse
 s - a scroll of holy word {unknown}
Potions
 h - a potion of brilliance
 m - a potion of curing
 o - a potion of flight
Books
 u - a book of Minor Magic

   Spells                             Type                      Level
   a - Magic Dart                     Conjuration                  1
   b - Blink                          Translocation                2
   c - Call Imp                       Summoning                    2
   d - Slow                           Hexes                        2
   e - Conjure Flame                  Conjuration/Fire             3
   f - Mephitic Cloud                 Conjuration/Poison/Air       3
Comestibles
 a - 13 rations
 r - 4 chunks of flesh


   Skills:
 - Level 3.2 Fighting
 + Level 7.4 Dodging
 - Level 3.0 Stealth
 + Level 8.1 Unarmed Combat
 + Level 6.7 Invocations
 - Level 5.0 Evocations


You had 8 spell levels left.
You didn't know any spells.

Dungeon Overview and Level Annotations

Branches:
Dungeon (8/15)             Temple (1/1) D:6
   Lair: D:8-11

Altars:
Ashenzari
Cheibriados
Dithmenos
Elyvilon
Fedhas
Gozag
Hepliaklqana
Kikubaaqudgha
Makhleb
Nemelex Xobeh
Okawaru
Qazlal
Ru
Sif Muna
Trog
Uskayaw
Vehumet
Wu Jian
Xom
Yredelemnul
Zin
The Shining One

Annotations:
D:8 Gastronok


Innate Abilities, Weirdness & Mutations

You can spit globs of acid.
You are resistant to acid.
Your golden yellow scales are hard. (AC +7)
You cannot fit into any form of body armour.
You are cold-blooded and may be slowed by cold attacks.
You have sharp toenails.
You are robust. (+10% HP)
Your spells are a little harder to cast, but a little more powerful.


Message History

You punch Gastronok! You tail-slap Gastronok.
Gastronok is moderately wounded.
You hear a bark!
Gastronok bites you!!
* * * LOW HITPOINT WARNING * * *
You punch Gastronok! You tail-slap Gastronok!
Gastronok is heavily wounded.
You punch Gastronok!
Gastronok is heavily wounded.
The jackal closely misses you.
The jackal bites you but does no damage.
Unknown command.
You feel better. The jackal misses you. Gastronok bites you!
* * * LOW HITPOINT WARNING * * *
You feel better.
Gastronok is no longer covered in acid.
The jackal misses you.
A jackal comes into view.
You feel better.
The jackal bites you but does no damage.
Gastronok bites you!!
You die...

#.#...........
#######............. ...
................ #.#
##..#....#.#.... #.#
#..#..(.#.#.... ## #>#
#.............. .. #.#
#..##....(.....
#.##.####..)..#)..#....
#....ยง@wh...#..........
...........h...............
#####.##........#.#...#....
#. #.##..#..#.#........ .
#.##..#[.#.#........ ##
#.##..#..#.......#..
#.##..#..#.......#..
#.##..#..#.......# .


You could see Gastronok and 2 jackals.

Vanquished Creatures
  A two-headed ogre (D:8)
  Pikel (D:7)
  Grinder (D:6)
  Duvessa (D:6)
  An orc warrior (D:6)
  A sky beast (D:7)
  2 slaves (D:7)
  An ogre (D:5)
  A centaur (D:6)
  4 bullfrogs
  Dowan (D:6)
  2 scorpions
  4 wights (D:7)
  4 howler monkeys
  2 electric eels (D:4)
  A crimson imp (D:4)
  A bullfrog skeleton (D:5)
  3 hounds (D:7)
  2 jellies
  2 orc priests
  2 orc wizards (D:4)
  2 iguanas (D:7)
  3 worker ants
  A howler monkey skeleton (D:7)
  7 adders
  3 gnolls (D:4)
  3 shadow imps
  2 oozes
  An adder skeleton (D:7)
  An adder zombie (D:4)
  3 worms (D:2)
  A dart slug (D:4)
  3 leopard geckos
  13 orcs
  3 giant cockroaches
  11 goblins
  5 hobgoblins
  4 jackals
  5 quokkas
  7 bats
  8 frilled lizards
  A jackal skeleton (D:7)
  6 kobolds
  A quokka zombie (D:8)
  7 rats
139 creatures vanquished.

Vanquished Creatures (others)
  A giant cockroach (D:7)
1 creature vanquished.

Grand Total: 140 creatures vanquished

Notes
Turn   | Place    | Note
-------+----------+-------------------------------------------
     0 | D:1      | KristoblXynda the Draconian Monk began the quest for the Orb.
     0 | D:1      | Reached XP level 1. HP: 19/19 MP: 1/1
   228 | D:1      | Reached XP level 2. HP: 11/26 MP: 2/2
  1010 | D:2      | Reached XP level 3. HP: 24/31 MP: 3/3
  1560 | D:2      | Reached XP level 4. HP: 25/38 MP: 4/4
  2970 | D:3      | Reached skill level 4 in Unarmed Combat
  3211 | D:4      | Found a transporter.
  3246 | D:4      | Reached skill level 1 in Evocations
  3246 | D:4      | Reached XP level 5. HP: 36/45 MP: 5/5
  3297 | D:4      | Found a transporter.
  3333 | D:4      | Gained mutation: You are robust. (+10% HP) [potion of mutation]
  3333 | D:4      | Gained mutation: Your spells are a little harder to cast, but a little more powerful. [potion of mutation]
  3333 | D:4      | Gained mutation: You have sharp toenails. [potion of mutation]
  3357 | D:5      | Entered Level 5 of the Dungeon
  4163 | D:5      | Noticed an ogre
  4177 | D:5      | Killed an ogre
  4177 | D:5      | Reached XP level 6. HP: 42/56 MP: 7/7
  4381 | D:6      | Found a shadowy altar of Dithmenos.
  4413 | D:6      | Noticed Duvessa
  4413 | D:6      | Noticed Dowan
  4429 | D:6      | Killed Dowan
  4607 | D:6      | Killed Duvessa
  4607 | D:6      | Reached skill level 5 in Unarmed Combat
  4871 | D:6      | Found a staircase to the Ecumenical Temple.
  4904 | D:6      | Noticed an orc warrior
  4956 | Temple   | Entered the Ecumenical Temple
  5177 | Temple   | Became a worshipper of Qazlal Stormbringer
  5177 | Temple   | Reached * piety under Qazlal
  5177 | Temple   | Reached ** piety under Qazlal
  5235 | D:6      | HP: 1/56 [orc warrior/hand axe (4)]
  5253 | D:6      | Killed an orc warrior
  5253 | D:6      | Reached skill level 1 in Invocations
  5253 | D:6      | Your scales start taking on a golden yellow colour.
  5253 | D:6      | Reached XP level 7. HP: 14/62 MP: 9/9
  5552 | D:6      | Found a blossoming altar of Fedhas.
  5570 | D:6      | Reached skill level 5 in Dodging
  5734 | D:6      | Found an opulent altar of Gozag.
  5734 | D:6      | Found a hazy altar of Hepliaklqana.
  5739 | D:6      | Found a faded altar of an unknown god.
  5743 | D:6      | Found a glowing golden altar of the Shining One.
  5781 | D:6      | Found a faded altar of an unknown god.
  5882 | D:6      | Noticed Grinder
  5917 | D:6      | Killed Grinder
  5917 | D:6      | Reached XP level 8. HP: 37/69 MP: 9/11
  6173 | D:4      | Reached skill level 6 in Unarmed Combat
  7046 | D:7      | Reached *** piety under Qazlal
  7055 | D:7      | Reached skill level 5 in Evocations
  7118 | D:7      | Noticed Pikel
  7148 | D:7      | Killed Pikel
  7148 | D:7      | Reached skill level 7 in Unarmed Combat
  7148 | D:7      | Reached skill level 5 in Invocations
  7148 | D:7      | Reached XP level 9. HP: 38/77 MP: 11/13
  7324 | D:7      | Found a shattered altar of Ashenzari.
  7552 | D:8      | Noticed a two-headed ogre
  7573 | D:8      | Killed a two-headed ogre
  7573 | D:8      | Reached skill level 8 in Unarmed Combat
  7601 | D:8      | Noticed Gastronok
  7614 | D:8      | Mangled by Gastronok

Vault maps used:
D:1:      evilmike_arrival_crescent, lemuel_flame_loot_1
D:3:      first_ration
D:4:      gammafunk_steamed_eel, hangedman_decor_diamond_cutter
D:5:      nrook_pool_corridor
D:6:      fedhas_bush_and_centaur_altar, overflow_temple_1_default,
          chequers_temple_overflow_minitemple, minmay_temple_entry_poolview,
          minivault_1, uniq_duvessa, uniq_grinder
D:7:      ashenzari_altar_1, uniq_pikel
D:8:      serial_shops, nicolae_shop_trees, uniq_gastronok
Temple:   nicolae_temple_elliptical

Skill      XL: |  1  2  3  4  5  6  7  8  9 |
---------------+----------------------------+-----
Stealth        | 2 3 |  3.0
Dodging        | 3 4 5 6 7 |  7.4
Unarmed Combat | 4 5 7 8 |  8.1
Evocations     | 1 2 3 4 5 |  5.0
Invocations    | 1 2 5 6 |  6.7
Fighting       | |  3.2

Action                   |  1- 3 |  4- 6 |  7- 9 || total
-------------------------+-------+-------+-------++-------
Melee: Unarmed           |   126 |   203 |   325 ||   654
       Punch             |     3 |     3 |     7 ||    13
       Tailslap          |     9 |    27 |    37 ||    73
       Kick              |       |    24 |    67 ||    91
 Abil: Breathe Acid      |       |       |     2 ||     2
Evoke: Wand              |       |     5 |    13 ||    18
  Use: Scroll            |     1 |     7 |     4 ||    12
       Potion            |       |     6 |     4 ||    10
 Stab: Sleeping          |     7 |     5 |       ||    12
       Invisible         |       |     1 |       ||     1
  Eat: Chunk             |     2 |     7 |     3 ||    12
       Ration            |       |     2 |     1 ||     3
Armor: Skin              |    23 |    42 |    65 ||   130
Dodge: Dodged            |    59 |   159 |   215 ||   433
Block: Other             |       |       |    47 ||    47

Table legend:
 A = Spawn XP
 B = Non-spawn XP
 C = Spawn XP percentage of total XP
 D = Spawn monster count
 E = Non-spawn monster count
 F = Spawn count percentage of total count
 G = Total turns spent on level
                    A         B        C        D         E        F      G
               +---------+---------+-------+---------+---------+-------+---------
         Total |       0 |    4599 |   0.0 |       0 |     137 |   0.0 |  7614
               +---------+---------+-------+---------+---------+-------+---------
           D:1 |       0 |      36 |   0.0 |       0 |      21 |   0.0 |   972
           D:2 |       0 |      72 |   0.0 |       0 |      21 |   0.0 |   922
           D:3 |       0 |      63 |   0.0 |       0 |      17 |   0.0 |  1272
           D:4 |       0 |     435 |   0.0 |       0 |      23 |   0.0 |  1008
           D:5 |       0 |     222 |   0.0 |       0 |       5 |   0.0 |  1078
           D:6 |       0 |    1023 |   0.0 |       0 |      21 |   0.0 |  1492
           D:7 |       0 |    1786 |   0.0 |       0 |      25 |   0.0 |   539
           D:8 |       0 |     962 |   0.0 |       0 |       4 |   0.0 |    91
               +---------+---------+-------+---------+---------+-------+---------
